 Dungeon Crawl Stone Soup version 0.20.0-10-g0535bb4 (console) character file.

82 Gottschkopf the Conjurer (level 4, -2/33 HPs)
             Began as a Hill Orc Conjurer on June 7, 2017.
             Slain by a jackal (3 damage)
             ... on level 1 of the Dungeon.
             The game lasted 00:04:41 (2395 turns).

Gottschkopf the Conjurer (Hill Orc Conjurer)        Turns: 2395, Time: 00:04:41

Health: -2/33      AC:  2    Str: 10    XL:     4   Next: 43%
Magic:  0/6        EV: 12    Int: 16    God:
Gold:   129        SH:  0    Dex: 11    Spells: 3/6 levels left

rFire    . . .     SeeInvis .   e - +0 dagger
rCold    . . .     Gourm    .   (no shield)
rNeg     . . .     Faith    .   a - +0 robe
rPois    .         Spirit   .   (no helmet)
rElec    .         Reflect  .   (no cloak)
rCorr    .         Harm     .   (no gloves)
MR       .....                  (no boots)
Stlth    ++........             (no amulet)
Regen    0.2/turn               (no ring)
MPRegen  0.1/turn               (no ring)

@: no status effects
A: no striking features
a: no special abilities


You were on level 1 of the Dungeon.
You were not hungry.

You visited 1 branch of the dungeon, and saw 2 of its levels.

You collected 129 gold pieces.

Inventory:

Hand Weapons
 e - a +0 dagger (weapon)
Armour
 a - a +0 robe (worn)
Scrolls
 f - a scroll of remove curse {unknown}
 g - 2 scrolls of immolation {unknown}
 h - 3 scrolls of identify {unknown}
Potions
 i - a potion of mutation {unknown}
 j - a potion of degeneration {unknown}
 k - a potion of brilliance {unknown}
Books
 b - a book of Conjurations

   Spells                             Type                      Level
   a - Magic Dart                     Conjuration                  1
   b - Searing Ray                    Conjuration                  2
   c - Dazzling Spray                 Conjuration/Hexes            3
   d - Fulminant Prism                Conjuration/Hexes            4
   e - Force Lance                    Conjuration/Translocation    4
   f - Iskenderun's Mystic Blast      Conjuration                  4
Comestibles
 c - 3 bread rations
 d - 2 fruits
 l - 3 chunks of flesh


   Skills:
 - Level 1.5 Dodging
 - Level 1.5 Stealth
 - Level 1.5 Spellcasting
 + Level 5.7 Conjurations


You had 3 spell levels left.
You knew the following spells:

 Your Spells              Type           Power        Failure   Level  Hunger
a - Magic Dart            Conj           ###.         1%          1    ##.....
b - Searing Ray           Conj           ###...       3%          2    ###....


Dungeon Overview and Level Annotations

Branches:
Dungeon (2/15)

Altars:
Nemelex Xobeh


Message History

The jackal misses you. The jackal barely misses you. The jackal bites you.
* * * LOW HITPOINT WARNING * * *
You barely miss the jackal.
The jackal is almost dead.
The jackal closely misses you. The jackal misses you.
The jackal barely misses you. x2; The jackal bites you.
* * * LOW HITPOINT WARNING * * *
The jackal misses you.
Casting: Magic Dart
Confirm with . or Enter, or press ? or * to list all spells.
Aiming: Magic Dart
Press: ? - help, Shift-Dir - straight line, f/p - jackal
Aim: a jackal (almost dead)
The magic dart hits the jackal.
You kill the jackal!
The jackal closely misses you.
You hit the jackal.
The jackal is lightly wounded.
The jackal closely misses you. The jackal bites you.
You die...

#.##.# #.#........#######.####.#.
#.##.# #.#..............#......#.
#.##.# #.#........#####.#..#####.
...#.# #.#............#.#..# #.
.⌠.#.# #.#)................#####)
...#.# #.........................
####.# #.#####.....##.#.#........
#.# #.#####.#h#.##.#.########.
#.# #>......h@hr).............
####.#############.##...######.##
...................##...# #...
....#################...#########
..).# #............ ....#
##########.####).... ....#
#................... ...)#
#.#############..... ....#
####.#########.........


You could see 3 jackals and a rat.

Vanquished Creatures
  A gnoll (D:1)
  2 adders
  2 worms (D:2)
  A dart slug (D:2)
  A ball python (D:2)
  A giant cockroach (D:1)
  7 goblins
  7 hobgoblins
  A jackal (D:1)
  7 bats
  3 frilled lizards
  3 kobolds
  11 rats
47 creatures vanquished.

Vanquished Creatures (others)
  A kobold (D:2)
1 creature vanquished.

Grand Total: 48 creatures vanquished

Notes
Turn   | Place    | Note
-------+----------+-------------------------------------------
     0 | D:1      | Gottschkopf the Hill Orc Conjurer began the quest for the Orb.
     0 | D:1      | Reached XP level 1. HP: 14/14 MP: 3/3
   200 | D:1      | Reached XP level 2. HP: 20/20 MP: 1/4
   208 | D:1      | Learned a level 2 spell: Searing Ray
   917 | D:1      | Reached XP level 3. HP: 26/26 MP: 1/5
  1061 | D:1      | You fall through a shaft!
  1061 | D:2      | Found a sparkling altar of Nemelex Xobeh.
  1072 | D:2      | Reached skill level 5 in Conjurations
  1983 | D:2      | Reached XP level 4. HP: 25/33 MP: 0/6
  2393 | D:1      | HP: 1/33 [jackal (1)]
  2395 | D:1      | Slain by a jackal

Skill      XL: |  1  2  3 |
---------------+----------+-----
Conjurations   | 5 |  5.7
Dodging        | |  1.5
Stealth        | |  1.5
Spellcasting   | |  1.5

Action                   |  1- 3 |  4- 6 || total
-------------------------+-------+-------++-------
Melee: Short sword       |     1 |       ||     1
       Dagger            |    14 |    11 ||    25
 Cast: Magic Dart        |    80 |    17 ||    97
       Searing Ray       |     1 |     1 ||     2
  Eat: Chunk             |     5 |     2 ||     7
Armor: Robe              |     3 |     2 ||     5
Dodge: Dodged            |    17 |    39 ||    56
